 Dungeon Crawl Stone Soup version 0.30.1-9-gdf580d7c3d (webtiles) character file.

Game seed: 12849455805246446748

262786 Zalbag the Executioner (level 19, -8/165 HPs)
             Began as a Minotaur Gladiator on Oct 16, 2023.
             Was the Champion of Okawaru.
             Killed from afar by a living spell (68 damage)
             ... with a crystal spear
             ... summoned by a walking crystal tome
             ... on level 3 of the Depths on Oct 17, 2023.
             The game lasted 02:04:38 (46402 turns).

Zalbag the Executioner (Minotaur Gladiator)        Turns: 46402, Time: 02:04:39

Health: -8/165     AC: 26    Str: 27    XL:     19   Next: 23%
Magic:  26/26      EV: 19    Int:  5    God:    Okawaru [******]
Gold:   2348       SH:  0    Dex: 14    Spells: 18/18 levels left

rFire   + . .        v - +8 executioner's axe (elec)
rCold   + . .        (shield currently unavailable)
rNeg    . . .        Q - +1 plate armour {rF+}
rPois   +            c - +0 hat
rElec   +            C - +1 cloak
rCorr   +            k - +1 pair of gloves {hurl}
SInv    .            x - +0 pair of boots of Dust Devil {rF- Will+ Slay+3}
Will    ++...        w - amulet "Vafets" {Acrobat rPois rC+ rCorr Str+2} Stlth
                     K - ring of Lady Luck {rElec rF+}
HPRegen 0.47/turn    G - +5 ring of evasion
MPRegen 0.20/turn

%: acrobat
@: no status effects
A: horns 2, retaliatory headbutt
}: 2/15 runes: decaying, gossamer
a: Renounce Religion, Heroism, Finesse, Duel


You were on level 3 of the Depths.
You worshipped Okawaru.
Okawaru was exalted by your worship.
You visited 8 branches of the dungeon, and saw 35 of its levels.

You collected 3726 gold pieces.
You spent 1378 gold pieces at shops.

Inventory:

Hand Weapons
 v - a +8 executioner's axe of electrocution (weapon)
 F - the +6 war axe "Unaustig" {flame, Str+6}
   (Okawaru gifted it to you on level 2 of the Depths)

   Str:       It affects your strength (+6).
 S - a +2 antimagic war axe
Missiles
 d - 10 silver javelins
 z - 3 curare-tipped darts
 H - 23 poisoned darts
 L - a throwing net
 U - 9 boomerangs
 W - a javelin (quivered)
Armour
 c - a +0 hat (worn)
 k - a +1 pair of gloves of hurling (worn)
 l - the +3 ice dragon scales of Honour {Fly rF- rC++ Will++ Dex-2 Stlth+}
   (Okawaru gifted it to you on level 3 of the Depths)

   Dex:       It affects your dexterity (-2).
   rF:        It makes you vulnerable to fire.
   rC:        It greatly protects you from cold.
   Fly:       It grants you flight.
   Will:      It greatly increases your willpower.
   Stlth:     It makes you more stealthy.
 x - the +0 pair of boots of Dust Devil (worn) {rF- Will+ Slay+3}
   (Okawaru gifted it to you on level 2 of the Orcish Mines)

   Slay:      It affects your accuracy & damage with ranged weapons and melee
   (+3).
   rF:        It makes you vulnerable to fire.
   Will:      It increases your willpower.
 C - a +1 cloak (worn)
 P - the +2 hat of the Bear Spirit {Spirit, Bear, *Rage Will++}
   (Okawaru gifted it to you on level 1 of the Spider Nest)

   Bear:      Going berserk makes the wearer exceptionally tough, and they are
   slowed for a shorter time afterward.
   *Rage:     It berserks you when you make melee attacks (+20% chance).
   Will:      It greatly increases your willpower.
 Q - a +1 plate armour of fire resistance (worn)
Jewellery
 r - a ring of protection from fire
 w - the amulet "Vafets" (around neck) {Acrobat rPois rC+ rCorr Str+2}
   (You bought it in a shop on level 4 of the Dungeon)

   [amulet of the acrobat]

   It increases your evasion while moving and waiting.
   Str:       It affects your strength (+2).
   rC:        It protects you from cold.
   rPois:     It protects you from poison.
   rCorr:     It protects you from acid and corrosion.
 y - a +4 ring of protection
 G - a +5 ring of evasion (right hand)
 K - the ring of Lady Luck (left hand) {rElec rF+}
   (You found it on level 5 of the Dungeon)

   [ring of protection from fire]

   rF:        It protects you from fire.
   rElec:     It insulates you from electricity.
 V - a ring of see invisible
Wands
 b - a wand of acid (1)
 e - a wand of paralysis (23)
 h - a wand of mindburst (8)
 q - a wand of digging (13)
Scrolls
 a - 14 scrolls of identify
 f - 12 scrolls of poison
 g - 5 scrolls of fear
 i - 6 scrolls of noise
 m - 11 scrolls of teleportation
 p - 4 scrolls of amnesia
 s - 5 scrolls of magic mapping
 u - a scroll of blinking
 T - 10 scrolls of enchant armour
 Z - 14 scrolls of fog
Potions
 j - 14 potions of curing
 n - 3 potions of cancellation
 o - 4 potions of magic
 t - 7 potions of heal wounds
 A - a potion of might
 B - 9 potions of brilliance
 D - 9 potions of attraction
 E - 6 potions of mutation
 I - 2 potions of resistance
 J - 3 potions of flight
 N - 3 potions of haste
 O - 10 potions of ambrosia
 R - a potion of invisibility
 Y - 3 potions of lignification
Miscellaneous
 M - a lightning rod (4/4)
 X - a condenser vane


   Skills:
 - Level 13.5 Fighting
 - Level 5.1 Long Blades
 * Level 25.0(25.2) Axes
 - Level 5.5(17.5) Maces & Flails
 - Level 8.1 Throwing
 + Level 17.1 Armour
 + Level 14.1 Dodging
 - Level 0.3 Shields
 + Level 11.2 Invocations
 + Level 10.9 Evocations


You had 18 spell levels left.
You didn't know any spells.
Your spell library contained the following spells:

 Spells                   Type           Power      Damage    Failure   Level
 Apportation              Tloc           0%         N/A       96%         1
 Foxfire                  Conj/Fire      0%         2x1d4     96%         1
 Freeze                   Ice            0%         1d3       96%         1
 Magic Dart               Conj           0%         1d3       96%         1
 Necrotise                Necr           0%         1d4       96%         1
 Blink                    Tloc           0%         N/A       99%         2
 Ensorcelled Hibernation  Hex/Ice        0%         N/A       99%         2
 Lesser Beckoning         Tloc           0%         N/A       99%         2
 Momentum Strike          Conj/Tloc      0%         3d8       99%         2
 Passwall                 Tmut/Erth      0%         N/A       99%         2
 Searing Ray              Conj           0%         2d4       99%         2
 Frozen Ramparts          Ice            0%         1d1       100%        3
 Gell's Gravitas          Tloc           0%         N/A       100%        3
 Hailstorm                Conj/Ice       0%         3d3       100%        3
 Inner Flame              Hex/Fire       0%         N/A       100%        3
 Portal Projectile        Hex/Tloc       0%         N/A       100%        3
 Spider Form              Tmut/Pois      0%         N/A       100%        3
 Stone Arrow              Conj/Erth      0%         3d7       100%        3
 Swiftness                Air            0%         N/A       100%        3
 Teleport Other           Tloc           0%         N/A       100%        3
 Anguish                  Hex/Necr       0%         N/A       100%        4
 Cause Fear               Hex            0%         N/A       100%        4
 Flame Wave               Conj/Fire      0%         2d4       100%        4
 Fulminant Prism          Conj/Hex       0%         3d5       100%        4
 Leda's Liquefaction      Hex/Erth       0%         N/A       100%        4
 Passage of Golubria      Tloc           0%         N/A       100%        4
 Sticky Flame             Conj/Fire      0%         2d3       100%        4
 Alistair's Intoxication  Tmut/Pois      0%         N/A       100%        5
 Fireball                 Conj/Fire      0%         3d3       100%        5
 Iskenderun's Battlesphe  Conj           0%         2d6       100%        5
 Yara's Violent Unravell  Hex/Tmut       0%         3d3       100%        5
 Dispersal                Tloc           0%         N/A       100%        6
 Eringya's Noxious Bog    Tmut/Pois      0%         N/A       100%        6
 Iron Shot                Conj/Erth      0%         9d1       100%        6
 Plasma Beam              Fire/Air       0%         2x1d11    100%        6
 Starburst                Conj/Fire      0%         6d3       100%        6
 Enfeeble                 Hex            0%         N/A       100%        7
 Ozocubu's Refrigeration  Ice            0%         4d7       100%        7
 Lehudib's Crystal Spear  Conj/Erth      0%         10d2      100%        8
 Polar Vortex             Ice            0%         N/A       100%        9
 Summon Small Mammal      Summ           Unusable   N/A       N/A         1
 Call Canine Familiar     Summ           Unusable   N/A       N/A         3
 Tukima's Dance           Hex            Unusable   N/A       N/A         3
 Animate Armour           Summ/Erth      Unusable   N/A       N/A         4
 Summon Forest            Summ/Tloc      Unusable   N/A       N/A         5
 Simulacrum               Ice/Necr       Unusable   N/A       N/A         6
 Spellforged Servitor     Conj/Summ      Unusable   N/A       N/A         7
 Summon Hydra             Summ           Unusable   N/A       N/A         7

Dungeon Overview and Level Annotations

Branches:
Dungeon (15/15)            Temple (1/1) D:5            Lair (5/5) D:9
  Swamp (4/4) Lair:2       Spider (4/4) Lair:3        Slime (0/5) Lair:4
    Orc (2/2) D:9             Elf (1/3) Orc:2        Depths (3/4) D:15
 Vaults: D:13-14

Altars:
Dithmenos
Elyvilon
Kikubaaqudgha
Makhleb
Okawaru
Ru
Uskayaw
Xom
Zin
The Shining One
Jiyva
Lugonu

Shops:
D:1 !   D:4 =   Orc:1 !   Orc:2 [*(=   Depths:2 [

Portals:
Hell: Depths:1 Depths:2
Abyss: Lair:5
Pandemonium: Depths:2
Ziggurat: Depths:3

Annotations:
D:8 3 runed translucent doors, fireball365's ghost, novice HOFi
Spider:2 3 runed translucent doors, Zeor's ghost, adept GrBe; robotcentaur's ghost, adept TeNe
Depths:1 1 runed translucent door, Xutext's ghost, adept DsAK
Depths:2 1 runed translucent door, Mennas


Innate Abilities, Weirdness & Mutations

You have a pair of horns on your head.
You reflexively headbutt those who attack you in melee.


Message History

Level annotation: 1 runed translucent door, Mennas
There is a stone staircase leading down here.
You climb downwards.
The walking crystal tome erupts in a flurry of living spells!
There is a stone staircase leading up here.
The living spell casts itself at you. The crystal spear hits you!!
The living spell casts itself at you. The crystal spear misses you.
The living spell casts itself at you. The crystal spear misses you.
The living spell casts itself at you.
The crystal spear hits you but does no damage.
You slice the walking crystal tome!!
Lightning courses through the walking crystal tome!
The walking crystal tome is moderately damaged.
A lich comes into view.
The walking crystal tome erupts in a flurry of living spells!
Unknown command.
You slash the walking crystal tome!
Your headbutt misses the walking crystal tome.
The walking crystal tome is moderately damaged.
You slash the living spell!
Lightning courses through the living spell!
You destroy the living spell!
The walking crystal tome hits you but does no damage.
You barely miss the walking crystal tome.
You headbutt the walking crystal tome!
The walking crystal tome is heavily damaged.
The living spell casts itself at you. The crystal spear hits you!!!
The living spell casts itself at you. The crystal spear hits you!!
You hit the walking crystal tome.
The walking crystal tome is heavily damaged.
The lich casts a spell.
The lich seems to speed up.
The living spell casts itself at you. The crystal spear hits you!!!
You die...

.#...#.........
.§§
##.∩.##.........
.§§
.#...#........L.
..§§
.#####..........
....
#..#.§§§§§...§..
..
#...§§§§...≈≈≈≈
#..§§≈§§...§§≈≈
#..§≈≈§≈;..≈≈≈≈
§§..≈..
###§..§@§≈*....
≈..§§§≈
###...../...≈
§....≈§
####.......
....... ##.#...
....... .....
....... ....
....... ...
....... ...
....... .......


You could see a walking crystal tome, a lich (fast) and a living crystal spell
(summoned).

Vanquished Creatures
  A caustic shrike (Depths:2)
  A golden dragon (Depths:2)
  Nikola (Swamp:4)
  Arachne (Spider:3)
  A walking crystal tome (Depths:2)
  2 liches
  2 walking divine tomes (Depths:3)
  A quicksilver dragon (Depths:3)
  Agnes (Spider:3)
  A sphinx (Depths:1)
  Kirke (Swamp:2)
  3 tengu reavers
  A thorn hunter (Swamp:4)
  A daeva (Depths:2)
  8 emperor scorpions
  3 fire giants
  3 frost giants
  Louise (Depths:3)
  7 ghost moths
  An angel (Depths:2)
  2 very ugly things (Depths:1)
  4 stone giants
  A caustic shrike skeleton (Depths:2)
  3 eleionomae (Swamp:3)
  10 spark wasps
  A bunyip (Swamp:4)
  4 ettins
  4 shambling mangroves
  8 entropy weavers
  An entropy weaver (shapeshifter) (D:13)
  8 fire dragons
  2 spriggan zombies (Depths:2)
  3 ice dragons (Depths:1)
  A rakshasa (Depths:2)
  A spriggan air mage (Swamp:3)
  The ghost of grtsk the Thaumaturge, a journeyman VSEn of Dithmenos (Lair:4)
  A ghost crab (Swamp:3)
  15 hydras
  A death knight (D:15)
  3 centaur warriors
  Erica (D:10)
  A boulder beetle (shapeshifter) (Depths:2)
  A jorogumo (Spider:2)
  9 alligators
  3 ogre magi
  6 boulder beetles
  10 death yaks (Lair:4)
  3 catoblepae
  14 two-headed ogres
  5 tengu warriors
  6 hell knights
  3 thrashing horrors (Lair:5)
  A vampire mage (Depths:1)
  3 spriggan berserkers
  Urug (Orc:2)
  A deep troll shaman (Depths:1)
  Nergalle (D:10)
  4 deep troll earth magi
  A soul eater (Depths:2)
  Sonja (Orc:1)
  A fire crab (Lair:4)
  A glowing orange brain (Depths:1)
  Lodul (D:10)
  A sun moth (Spider:4)
  2 iron trolls (Depths:1)
  5 pharaoh ants
  7 orb spiders
  A spriggan druid (Swamp:3)
  9 swamp dragons
  A death drake (Swamp:4)
  9 deep trolls
  A slime creature (D:13)
  7 goliath frogs
  A shadow demon (Depths:2)
  6 necromancers
  4 wizards
  5 bog bodies
  9 steelbarb worms
  5 deep elf pyromancers
  18 ugly things
  2 manticores (D:14)
  21 wolf spiders
  2 orc sorcerers (Orc:2)
  2 will-o-the-wisps
  3 moths of wrath
  4 cyclopes
  2 centaur zombies (D:15)
  7 torpor snails
  3 smoke demons (Lair:5)
  A rust devil (Depths:2)
  5 black mambas
  A centaur skeleton (D:15)
  2 gargoyles
  4 cane toads
  14 demonic crawlers
  A cane toad (shapeshifter) (D:14)
  An orange demon (Depths:2)
  10 komodo dragons
  6 rime drakes
  4 yaktaurs (D:13)
  An unseen horror (D:13)
  2 freezing wraiths (D:15)
  2 kobold demonologists (D:14)
  A spark wasp simulacrum (Depths:2)
  An efreet (D:15)
  A tengu conjurer (Depths:1)
  2 ancient zymes (Lair:5)
  A bloated husk (Swamp:3)
  14 trolls
  A polar bear (Lair:2)
  7 tyrant leeches
  18 dream sheep
  11 blink frogs
  A dream sheep (shapeshifter) (D:14)
  29 hornets
  32 tarantellas
  22 jumping spiders
  3 centaur simulacra
  3 large abominations (Lair:5)
  10 spriggans
  A shadow (D:10)
  27 culicivoras
  A ynoxinul (Lair:5)
  2 hogs (Swamp:2)
  4 wraiths
  52 yaks
  9 basilisks
  2 wyverns
  A fire elemental (Depths:3)
  Eustachio (D:6)
  A basilisk (shapeshifter) (D:15)
  2 humans (Swamp:2)
  A human (shapeshifter) (Lair:5)
  63 redbacks
  15 vampire mosquitoes
  A chaos spawn (Lair:5)
  4 wargs
  19 swamp worms
  A glowing shapeshifter zombie (Depths:2)
  17 water moccasins
  Duvessa (D:6)
  14 orc warriors
  8 swamp drakes (Swamp:4)
  3 sky beasts
  6 black bears
  An ice beast (D:7)
  3 boggarts (D:15)
  12 wolves
  31 ogres
  7 centaurs
  A phantom (D:6)
  2 kobold brigands
  12 bullfrogs
  A gnoll sergeant (D:8)
  10 scorpions
  13 wights
  7 small abominations (Lair:5)
  Dowan (D:6)
  4 killer bees (D:7)
  6 howler monkeys
  5 hounds
  A gnoll bouda (D:6)
  14 orc priests
  Ijyb (D:4)
  5 iguanas
  26 orc wizards
  5 wolf simulacra (Lair:4)
  A yak simulacrum (Lair:4)
  A polar bear simulacrum (Lair:4)
  12 adders
  11 gnolls
  A white imp (D:5)
  3 worms
  2 dart slugs
  49 orcs
  9 ball pythons
  2 bat zombies (D:9)
  7 endoplasms
  5 giant cockroaches
  4 goblins
  3 hobgoblins
  6 jackals (D:3)
  4 quokkas
  6 bats
  4 frilled lizards
  13 kobolds
  4 rats
  A rat zombie (D:9)
  4 river rat simulacra (Lair:4)
1117 creatures vanquished.

Vanquished Creatures (others)
  A bloated husk (Swamp:2)
  5 dream sheep (D:4)
  8 foxfires (Swamp:3)
14 creatures vanquished.

Grand Total: 1131 creatures vanquished

Notes
Turn   | Place    | Note
-------+----------+-------------------------------------------
     0 | D:1      | Zalbag the Minotaur Gladiator began the quest for the Orb.
     0 | D:1      | Reached XP level 1. HP: 18/18 MP: 0/0
   107 | D:1      | Reached skill level 4 in Axes
   182 | D:2      | Reached XP level 2. HP: 25/25 MP: 1/1
   387 | D:1      | Found Plog's Distillery.
   398 | D:1      | Bought a potion of lignification for 36 gold pieces
   567 | D:1      | Reached skill level 5 in Axes
   641 | D:1      | Reached XP level 3. HP: 30/30 MP: 2/2
   975 | D:2      | Found an iron altar of Okawaru.
   997 | D:2      | Became a worshipper of Warmaster Okawaru
  1075 | D:2      | Reached skill level 1 in Armour
  1075 | D:2      | Reached XP level 4. HP: 28/37 MP: 3/3
  1312 | D:2      | Reached skill level 6 in Axes
  1732 | D:3      | Reached XP level 5. HP: 42/42 MP: 4/4
  1768 | D:3      | Reached skill level 7 in Axes
  1768 | D:3      | Reached * piety under Okawaru
  1815 | D:3      | Identified the +0 scale mail of Generosity {Dex+3}
  1842 | D:3      | Reached XP level 6. HP: 49/50 MP: 5/5
  2274 | D:1      | Bought a potion of invisibility for 96 gold pieces
  2375 | D:4      | Reached skill level 8 in Axes
  2512 | D:4      | Noticed Ijyb
  2566 | D:4      | Killed Ijyb
  2599 | D:4      | Reached XP level 7. HP: 50/55 MP: 6/6
  2617 | D:4      | Found Xess's Jewellery Boutique.
  2733 | D:4      | Found a sacrificial altar of Ru.
  3046 | D:4      | Found a shadowy altar of Dithmenos.
  3213 | D:4      | Noticed a dream sheep
  3213 | D:4      | Noticed a dream sheep
  3213 | D:4      | Noticed a dream sheep
  3213 | D:4      | Noticed a dream sheep
  3213 | D:4      | Noticed a dream sheep
  3213 | D:4      | Found a shimmering altar of Xom.
  3217 | D:4      | Killed a dream sheep
  3218 | D:4      | Killed a dream sheep
  3218 | D:4      | Killed a dream sheep
  3218 | D:4      | Killed a dream sheep
  3218 | D:4      | Killed a dream sheep
  3221 | D:5      | Entered Level 5 of the Dungeon
  3346 | D:5      | Found a staircase to the Ecumenical Temple.
  3355 | Temple   | Entered the Ecumenical Temple
  3436 | D:5      | Reached skill level 9 in Axes
  3436 | D:5      | Reached skill level 5 in Armour
  3744 | D:5      | Reached ** piety under Okawaru
  3864 | D:5      | Identified the ring of Lady Luck {rElec rF+}
  4213 | D:6      | Noticed Eustachio
  4227 | D:6      | Killed Eustachio
  4228 | D:6      | Reached skill level 10 in Axes
  4228 | D:6      | Reached XP level 8. HP: 62/62 MP: 7/7
  4721 | D:6      | Noticed Dowan
  4726 | D:6      | Noticed Duvessa
  4752 | D:6      | Reached skill level 11 in Axes
  4784 | D:6      | Killed Duvessa
  4784 | D:6      | Reached *** piety under Okawaru
  4794 | D:6      | Killed Dowan
  5163 | D:6      | Reached XP level 9. HP: 9/72 MP: 8/8
  5480 | D:6      | Reached skill level 5 in Dodging
  5672 | D:6      | Reached skill level 5 in Fighting
  5960 | D:7      | Reached skill level 12 in Axes
  6006 | D:7      | Reached **** piety under Okawaru
  6395 | D:7      | Received a gift from Okawaru
  6618 | D:7      | Received a gift from Okawaru
  6704 | D:7      | Reached skill level 5 in Throwing
  6972 | D:8      | Found a runed translucent gate.
  6973 | D:8      | Found a runed translucent gate.
  6974 | D:8      | Found a runed translucent gate.
  6975 | D:8      | Noticed a black mamba
  6975 | D:8      | Noticed fireball365's ghost (novice HOFi)
  7095 | D:8      | Reached XP level 10. HP: 68/83 MP: 9/9
  7408 | D:1      | Bought a potion of lignification for 36 gold pieces
  7408 | D:1      | Bought 2 potions of curing for 72 gold pieces
  7408 | D:1      | Bought a potion of mutation for 96 gold pieces
  7557 | D:8      | Noticed a deep troll
  7587 | D:8      | Reached skill level 13 in Axes
  7888 | D:8      | Noticed a broodmother
  7969 | D:9      | Reached ***** piety under Okawaru
  8134 | D:9      | Found a staircase to the Lair.
  8230 | D:9      | Received a gift from Okawaru
  8240 | D:9      | Found a staircase to the Orcish Mines.
  8258 | Orc:1    | Entered Level 1 of the Orcish Mines
  8270 | Orc:1    | Reached skill level 14 in Axes
  8352 | Orc:2    | Entered Level 2 of the Orcish Mines
  8586 | Orc:1    | Received a gift from Okawaru
  9083 | Orc:1    | Reached XP level 11. HP: 72/94 MP: 10/10
  9124 | Orc:1    | Identified the +1 ring mail of Vureic {Regen+} (Okawaru
                  | gifted it to you on level 1 of the Orcish Mines)
  9124 | Orc:1    | Received a gift from Okawaru
  9225 | Orc:1    | Found Ducuro Kief's Distillery.
  9229 | Orc:1    | Bought a potion of heal wounds for 80 gold pieces
  9229 | Orc:1    | Bought a potion of attraction for 48 gold pieces
  9229 | Orc:1    | Bought a potion of heal wounds for 80 gold pieces
  9229 | Orc:1    | Bought a potion of heal wounds for 80 gold pieces
  9324 | Orc:2    | Found a burning altar of Makhleb.
  9408 | Orc:2    | Noticed an orc sorcerer
  9412 | Orc:2    | Killed an orc sorcerer
  9436 | Orc:2    | Found a staircase to the Elven Halls.
  9521 | Orc:2    | Noticed a deep troll
  9860 | D:9      | Found a glowing golden altar of the Shining One.
 10164 | D:9      | Reached skill level 15 in Axes
 10441 | D:9      | Found an ancient bone altar of Kikubaaqudgha.
 10484 | D:10     | Entered Level 10 of the Dungeon
 10565 | D:10     | Noticed Nergalle
 10624 | Lair:1   | Entered Level 1 of the Lair of Beasts
 11197 | Lair:2   | Reached skill level 16 in Axes
 11209 | Lair:2   | Identified the +0 plate armour of the Maze {rPois Dex+4}
 11363 | Lair:2   | Received a gift from Okawaru
 11925 | Lair:2   | Noticed a six-headed hydra
 11943 | Lair:1   | Noticed a catoblepas
 11948 | Lair:1   | Reached XP level 12. HP: 73/106 MP: 11/11
 11952 | Lair:1   | Killed a catoblepas
 11953 | Lair:1   | Reached skill level 10 in Fighting
 12780 | Orc:2    | Noticed a two-headed ogre
 12806 | Orc:2    | Killed a two-headed ogre
 12837 | Orc:2    | Noticed a two-headed ogre
 12845 | Orc:2    | Killed a two-headed ogre
 12904 | Orc:2    | Noticed a two-headed ogre
 12911 | Orc:2    | Killed a two-headed ogre
 12912 | Orc:2    | Reached skill level 17 in Axes
 12937 | Orc:2    | Noticed Urug
 12938 | Orc:2    | Noticed a two-headed ogre
 12970 | Orc:2    | Killed a two-headed ogre
 12982 | Orc:2    | Killed Urug
 12982 | Orc:2    | Reached ****** piety under Okawaru
 13350 | Orc:2    | Noticed an ogre mage
 13359 | Orc:2    | Paralysed by an ogre mage for 2 turns
 13362 | Orc:2    | Killed an ogre mage
 13362 | Orc:2    | Identified the +0 pair of boots of Dust Devil {rF- Will+
                  | Slay+3} (Okawaru gifted it to you on level 2 of the Orcish
                  | Mines)
 13362 | Orc:2    | Received a gift from Okawaru
 13442 | Orc:2    | Noticed a two-headed ogre
 13449 | Orc:2    | Killed a two-headed ogre
 13454 | Orc:2    | Noticed a two-headed ogre
 13460 | Orc:2    | Reached skill level 10 in Armour
 13464 | Orc:2    | Killed a two-headed ogre
 13481 | Orc:2    | Noticed a two-headed ogre
 13485 | Orc:2    | Killed a two-headed ogre
 13486 | Orc:2    | Reached skill level 18 in Axes
 13528 | Orc:2    | Noticed a two-headed ogre
 13550 | Orc:2    | Noticed an ogre mage
 13648 | Orc:2    | Reached skill level 1 in Evocations
 14036 | Orc:2    | Killed a two-headed ogre
 14096 | Orc:2    | Killed an ogre mage
 14116 | Orc:2    | Reached XP level 13. HP: 98/117 MP: 12/12
 14254 | Orc:2    | Found Onnarus's Assorted Antiques.
 14260 | Orc:2    | Found Mitiomu's Jewellery Shoppe.
 14274 | Orc:2    | Found Sich's Armour Boutique.
 14275 | Orc:2    | Found Keff's Antique Weapon Boutique.
 14361 | Orc:1    | Noticed Sonja
 14364 | Orc:1    | Killed Sonja
 14673 | Elf:1    | Entered Level 1 of the Elven Halls
 14839 | D:4      | Bought the amulet "Vafets" {Acrobat rPois rC+ rCorr Str+2}
                  | for 754 gold pieces
 14976 | D:10     | Killed Nergalle
 15067 | D:10     | Noticed Erica
 15077 | D:10     | Killed Erica
 15099 | D:10     | Noticed Lodul
 15111 | D:10     | Killed Lodul
 15727 | D:11     | Identified the +6 great mace of Valiance {pain, rElec rN+}
                  | (Okawaru gifted it to you on level 11 of the Dungeon)
 15727 | D:11     | Received a gift from Okawaru
 15982 | D:11     | Reached skill level 1 in Long Blades
 15995 | D:11     | Reached skill level 1 in Maces & Flails
 17635 | D:13     | Identified the +8 glaive of Egywet {freeze, Str+5 Int+3}
 18408 | Lair:2   | Identified the +0 scale mail of Okawaru's Supremacy {rPois
                  | Str+3 Int+3} (Okawaru gifted it to you on level 2 of the
                  | Lair of Beasts)
 18408 | Lair:2   | Received a gift from Okawaru
 18543 | Lair:2   | Found a staircase to the Swamp.
 18808 | Lair:3   | Reached skill level 5 in Long Blades
 18817 | Lair:3   | Reached XP level 14. HP: 109/129 MP: 13/13
 18952 | Lair:3   | Found a hole to the Spider Nest.
 18967 | Lair:3   | Reached skill level 5 in Maces & Flails
 19811 | Lair:4   | Identified a scroll of acquirement
 19812 | Lair:4   | Acquired a +1 executioner's axe of electrocution
 20116 | Lair:4   | Found a viscous altar of Jiyva.
 20116 | Lair:4   | Found a staircase to the Slime Pits.
 20140 | Lair:4   | Noticed grtsk's ghost (journeyman VSEn)
 20144 | Lair:4   | Found a runed translucent gate.
 20144 | Lair:4   | Found a runed translucent gate.
 20144 | Lair:4   | Found a runed translucent gate.
 20156 | Lair:4   | Reached skill level 1 in Invocations
 20308 | Lair:4   | Reached skill level 19 in Axes
 20690 | Lair:4   | Killed grtsk's ghost
 20690 | Lair:4   | Identified the +0 hat of Negligence {-Tele rF+ rC+ Int+3}
                  | (Okawaru gifted it to you on level 4 of the Lair of Beasts)
 20690 | Lair:4   | Received a gift from Okawaru
 21136 | Lair:5   | Entered Level 5 of the Lair of Beasts
 22481 | Lair:5   | Reached skill level 5 in Evocations
 22915 | Lair:5   | Received a gift from Okawaru
 22935 | Lair:5   | Reached XP level 15. HP: 98/136 MP: 17/17
 23038 | Lair:5   | Found a corrupted altar of Lugonu.
 23038 | Lair:5   | Found a one-way gate to the infinite horrors of the Abyss.
 23242 | Spider:1 | Entered Level 1 of the Spider Nest
 23278 | Spider:1 | Received a gift from Okawaru
 23278 | Spider:1 | Found the +2 hat of the Bear Spirit {Spirit, Bear, *Rage
                  | Will++}
 23610 | Spider:1 | Noticed an emperor scorpion
 23618 | Spider:1 | Killed an emperor scorpion
 23696 | Spider:1 | Reached skill level 20 in Axes
 25273 | Spider:2 | Reached skill level 5 in Invocations
 25876 | Spider:2 | Noticed an emperor scorpion
 25886 | Spider:2 | Killed an emperor scorpion
 26702 | Spider:2 | Reached skill level 10 in Dodging
 26895 | Spider:2 | Found a runed translucent gate.
 26895 | Spider:2 | Found a runed translucent gate.
 26897 | Spider:2 | Found a runed translucent gate.
 26900 | Spider:2 | Noticed robotcentaur's ghost (adept TeNe)
 26900 | Spider:2 | Noticed Zeor's ghost (adept GrBe)
 27100 | Spider:2 | Identified the +1 pair of gloves "Porph" {Dex+5} (Okawaru
                  | gifted it to you on level 2 of the Spider Nest)
 27100 | Spider:2 | Received a gift from Okawaru
 27171 | Spider:2 | Paralysed by a hornet for 3 turns
 27350 | Spider:2 | Noticed an emperor scorpion
 27360 | Spider:2 | Killed an emperor scorpion
 27738 | Spider:3 | Noticed Agnes
 27748 | Spider:3 | Reached skill level 21 in Axes
 27754 | Spider:3 | HP: 1/136 [Agnes/+2 lajatang of electrocution (23)]
 27756 | Spider:3 | Killed Agnes
 28328 | Spider:3 | Reached XP level 16. HP: 95/144 MP: 19/19
 29669 | Spider:3 | Noticed Arachne
 30151 | Swamp:1  | Entered Level 1 of the Swamp
 30451 | Swamp:1  | Received a gift from Okawaru
 30576 | Swamp:1  | Identified the +7 trident of Peril {heavy, rN++ Will+}
 31112 | Swamp:2  | Noticed Kirke
 31140 | Swamp:2  | Killed Kirke
 32432 | Swamp:3  | Reached skill level 22 in Axes
 33537 | Swamp:4  | Entered Level 4 of the Swamp
 33577 | Swamp:4  | Received a gift from Okawaru
 33756 | Swamp:4  | Noticed Nikola
 33787 | Swamp:4  | Killed Nikola
 34303 | Swamp:4  | Identified the +0 cloak of Indemnity {Harm rF+} (Okawaru
                  | gifted it to you on level 4 of the Swamp)
 34303 | Swamp:4  | Received a gift from Okawaru
 34311 | Swamp:4  | Reached skill level 15 in Armour
 34339 | Swamp:4  | Reached XP level 17. HP: 58/150 MP: 22/22
 35467 | Swamp:4  | Got a decaying rune of Zot
 36128 | Spider:3 | Killed Arachne
 36517 | Spider:4 | Entered Level 4 of the Spider Nest
 37027 | Spider:4 | Reached skill level 23 in Axes
 37571 | Spider:4 | Identified the +8 triple sword "Vyfot" {flame, rN+ Str+4}
                  | (Okawaru gifted it to you on level 4 of the Spider Nest)
 37571 | Spider:4 | Received a gift from Okawaru
 38319 | Spider:4 | Got a gossamer rune of Zot
 39007 | D:14     | Received a gift from Okawaru
 39115 | D:14     | Identified the +2 robe "Xuvicoem" {rN+ Int+2}
 39631 | D:14     | Reached XP level 18. HP: 152/158 MP: 24/24
 39955 | D:15     | Entered Level 15 of the Dungeon
 40128 | D:15     | Found a hide-covered altar of Uskayaw.
 40228 | D:15     | Received a gift from Okawaru
 40692 | D:15     | Found a staircase to the Depths.
 40722 | Depths:1 | Entered Level 1 of the Depths
 41270 | Depths:1 | Reached skill level 10 in Invocations
 41441 | Depths:1 | Reached skill level 24 in Axes
 41448 | Depths:1 | Received a gift from Okawaru
 41454 | Depths:1 | Reached skill level 10 in Evocations
 42042 | Depths:1 | Noticed a lich
 42458 | Depths:1 | Found a runed translucent door.
 42458 | Depths:1 | Noticed Xutext's ghost (adept DsAK)
 42464 | Depths:1 | Killed a lich
 43024 | Depths:1 | Found a gateway to Hell.
 43840 | Depths:2 | Found a runed translucent door.
 43840 | Depths:2 | Noticed a lich
 43849 | Depths:2 | Killed a lich
 43863 | Depths:2 | Noticed a golden dragon
 43863 | Depths:2 | Identified the ring "Zesi" {Fly rC- rCorr Str+6 Int+2
                  | Stlth+}
 43865 | Depths:2 | Noticed a caustic shrike
 43928 | Depths:2 | Found a one-way gate leading to the halls of Pandemonium.
 43950 | Depths:2 | Received a gift from Okawaru
 44063 | Depths:2 | Noticed a caustic shrike
 44068 | Depths:2 | Killed a caustic shrike
 44232 | Depths:2 | Identified the +6 war axe "Unaustig" {flame, Str+6}
                  | (Okawaru gifted it to you on level 2 of the Depths)
 44232 | Depths:2 | Received a gift from Okawaru
 44244 | Depths:2 | Noticed a walking crystal tome
 44291 | Depths:2 | Killed a walking crystal tome
 44746 | Depths:2 | Identified the +2 chain mail of Kuimasch {Drain rPois rN+
                  | Regen+}
 44782 | Depths:2 | Found Fineroem's Armour Boutique.
 45108 | Depths:2 | Noticed Mennas
 45383 | Depths:3 | Reached XP level 19. HP: 151/165 MP: 26/26
 45422 | Depths:3 | Identified the +3 ice dragon scales of Honour {Fly rF- rC++
                  | Will++ Dex-2 Stlth+} (Okawaru gifted it to you on level 3
                  | of the Depths)
 45422 | Depths:3 | Received a gift from Okawaru
 45436 | Depths:3 | Noticed Louise
 45692 | Depths:3 | Killed Louise
 45699 | Depths:3 | Reached skill level 25 in Axes
 46010 | Depths:3 | Noticed a golden dragon
 46033 | Depths:2 | Killed a golden dragon
 46391 | Depths:3 | Found a one-way gateway to a ziggurat.
 46402 | Depths:3 | Killed from afar by a living spell

Illustrated notes

Levels and vault maps discovered:
D:1:      psy_arrival_dodecagon, layout_loops_corners, serial_shops, shop,
          minmay_splitting_lines
D:2:      minmay_general_purpose_star, layout_rooms, basic_altar, minmay_3d_cube
D:3:      layout_basic, minmay_bisected
D:4:      layout_loops_corners, kb_xom_exploding_sheep,
          nicolae_dithmenos_shadow_blocks, mainiacjoe_overflow_24_doors,
          serial_shops, nicolae_shop_waterfront, uniq_ijyb
D:5:      layout_gridville, minmay_temple_entry_poolview
D:6:      layout_loops_ring, uniq_eustachio, uniq_duvessa
D:7:      layout_gridville, grunt_decor_clamped, kennysheep_generic_room_9
D:8:      layout_rooms, gammafunk_ghost_split
D:9:      layout_loops_corners, tso_metal_star,
          lemuel_zombie_altar_kikubaaqudgha, due_lair_maze_entry_diamond,
          david_orc_3
D:10:     layout_cave_pools, uniq_erica, uniq_nergalle, uniq_lodul
D:11:     layout_loops_ring
D:12:     layout_loops_ring
D:13:     layout_basic, david_vaults_4, blue_anna_alchemist
D:14:     kennysheep_blocky_hall, layout_loops_corners, nicolae_wwwww
D:15:     grunt_enter_depths_magical_seal, layout_loops_corners,
          nicolae_uskayaw_murder_on_the_dancefloor, dk_noncrumbling_4
Temple:   nicolae_temple_bog_church
Lair:1:   layout_cave_pods, minmay_hedge_maze, st_stairs_3,
          infiniplex_staircase_pool, grunt_megastairs_2
Lair:2:   layout_gridlike, palyth_hydra_swamp_entry, grunt_megastairs_4,
          lemuel_fruit_fields
Lair:3:   layout_chaotic_city, hellmonk_spider_entry_life_and_decay
Lair:4:   layout_regular_city, dpeg_slime_entry_enclosed, gammafunk_ghost_split,
          st_stairs_8, eino_house_with_fridge, serial_bayou_shore_a
Lair:5:   hellmonk_lair_end_abyssal_woods, layout_loops_ring,
          serial_bayou_shore_b
Swamp:1:  layout_falls_marsh, evilmike_swamp_ruin_house_2, swamp_pool1
Swamp:2:  layout_basic_swamp, serial_swamp_ruin, evilmike_swamp_ruin_house_5,
          evilmike_swamp_ruin_rubble_2, hangedman_swamp_ruin_wall, uniq_kirke
Swamp:3:  layout_basic_swamp, evilmike_swamp_ruin_house_4,
          nicolae_swamp_orc_logging_accident, swamp_pool4
Swamp:4:  swamp_basic_johnstein, layout_basic_swamp, uniq_nikola
Spider:1: layout_spider_delve
Spider:2: spiders_nest_scorpion_pit, gammafunk_ghost_cemetery, worms_lemuel
Spider:3: layout_spider_delve, nicolae_spider_bug_shape, uniq_arachne,
          uniq_agnes
Spider:4: spider_rune_water
Orc:1:    layout_diamond_mine, serial_shops, shop, uniq_sonja
Orc:2:    st_orc_open, layout_caves, basic_altar, bloody_makhleb, uniq_urug
Elf:1:    eino_elf_arrival_the_gate, layout_gridlike, minivault_28,
          minmay_elf_necromancy, minmay_shop_grove, lemuel_upstairs_altar,
          uniq_frances, uniq_aizul, uniq_asterion
Depths:1: layout_forbidden_donut, grunt_metal_band, hellmonk_bongcloud_opening,
          hellmonk_ghost_big_iron, grunt_ministairs_15, minmay_liquid_box,
          hangedman_decor_growths, minmay_misc_feat_tower, grunt_decor_junction,
          lemuel_old_faithful
Depths:2: evilmike_silver_temple, layout_gridlike, rand_demon_pan_entry_5,
          hell_entry, serial_shops, shop, minmay_st_funbox, kb_rosetta
Depths:3: minmay_the_grid_square_5x5_5x5
          [minmay_the_grid_square_5x5_two_walls_a,
          minmay_the_grid_square_5x5_spiral_small,
          minmay_the_grid_square_5x5_two_walls_b,
          minmay_the_grid_square_5x5_gyroscope,
          minmay_the_grid_square_5x5_two_small, minmay_the_grid_square_5x5_two,
          minmay_the_grid_square_5x5_prize_pseudospiral,
          minmay_the_grid_square_5x5_hourglass,
          minmay_the_grid_square_5x5_prize_gold,
          minmay_the_grid_square_5x5_n_small, minmay_the_grid_square_5x5_mess,
          minmay_the_grid_square_5x5_three_small,
          minmay_the_grid_square_5x5_prize_junk,
          minmay_the_grid_square_5x5_corner,
          minmay_the_grid_square_5x5_almost_minimal,
          minmay_the_grid_square_5x5_eight,
          minmay_the_grid_square_5x5_prize_deathbox,
          minmay_the_grid_square_5x5_shrine1,
          minmay_the_grid_square_5x5_prize_itemx, minmay_the_grid_square_5x5_c,
          minmay_the_grid_square_5x5_six,
          minmay_the_grid_square_5x5_tetrominoes,
          minmay_the_grid_square_5x5_bracketed,
          minmay_the_grid_square_5x5_hollow_slash,
          minmay_the_grid_square_5x5_inset], layout_cave_pools,
          enter_ziggurat_d, chequers_serial_rivers_micro_a,
          nicolae_abyss_entry_one_way_or_another, hell_entry,
          kennysheep_okawaru_gauntlet

Skill      XL: |  1  2  3  4  5  6  7  8  9 10 11 12 13 14 15 16 17 18 19 |
---------------+----------------------------------------------------------+-----
Axes           | 4 5 6 7 8 10 11 12 14 16 18 19 21 22 23 24 25 | 25.0
Armour         | 1 2 3 4 5 6 8 10 11 12 14 15 16 17 | 17.1
Fighting       | 4 6 8 9 11 13 | 13.5
Dodging        | 4 6 7 9 10 11 12 13 14 | 14.1
Throwing       | 3 5 6 7 8 |  8.1
Evocations     | 1 3 5 6 8 9 10 | 10.9
Long Blades    | 5 |  5.1
Maces & Flails | 4 5 |  5.5
Invocations    | 4 6 8 9 10 11 | 11.2
Shields        | |  0.3

Action                     |  1- 3 |  4- 6 |  7- 9 | 10-12 | 13-15 | 16-18 | 19-21 || total
---------------------------+-------+-------+-------+-------+-------+-------+-------++-------
  Melee: War axe           |    68 |    72 |    59 |   406 |    90 |       |       ||   695
         Headbutt          |     8 |    23 |    68 |    76 |   194 |   252 |    24 ||   645
         Hand axe          |       |    60 |   272 |       |       |       |       ||   332
         Punch             |       |     1 |     2 |     3 |       |       |       ||     6
         Great mace        |       |       |       |       |   163 |       |       ||   163
         Scimitar          |       |       |       |       |    26 |    56 |       ||    82
         Executioner's axe |       |       |       |       |   546 |  1005 |    87 ||  1638
         Triple sword      |       |       |       |       |       |     1 |       ||     1
  Throw: Stone             |       |     3 |    13 |     8 |       |       |       ||    24
         Dart              |       |     3 |    10 |    16 |    71 |    90 |       ||   190
         Javelin           |       |       |    11 |     7 |    29 |    30 |     4 ||    81
         Throwing net      |       |       |     3 |     1 |     3 |       |       ||     7
         Boomerang         |       |       |       |    54 |    55 |    95 |       ||   204
 Invoke: Heroism           |       |       |       |     1 |       |       |       ||     1
         Finesse           |       |       |       |       |       |     1 |     1 ||     2
  Evoke: Wand              |       |       |     7 |     6 |     4 |     9 |       ||    26
         Lightning rod     |       |       |       |       |       |    11 |       ||    11
         Condenser vane    |       |       |       |       |       |     1 |       ||     1
    Use: Potion            |       |       |     3 |     7 |     6 |     7 |       ||    23
         Scroll            |       |       |     9 |     7 |    13 |    13 |       ||    42
   Stab: Invisible         |       |       |     8 |     4 |       |       |       ||    12
         Held in net/web   |       |       |       |       |     2 |       |       ||     2
         Distracted        |       |       |       |       |       |     1 |       ||     1
 Armour: Leather armour    |    19 |     2 |    37 |    51 |       |       |       ||   109
         Ring mail         |       |    16 |       |       |       |       |       ||    16
         Scale mail        |       |    30 |    58 |       |       |       |       ||    88
         Skin              |       |       |     8 |       |       |     6 |       ||    14
         Plate armour      |       |       |       |    55 |   519 |   573 |    28 ||  1175
  Dodge: Dodged            |    45 |    48 |   124 |   232 |   535 |   790 |    45 ||  1819
  Block: Other             |    11 |    28 |    64 |    76 |     5 |       |       ||   184
         Reflection        |       |     1 |     6 |       |       |       |       ||     7
